 Dungeon Crawl Stone Soup version 0.29-a0-414-g5075937ec3 (webtiles) character file.

Game seed: 6999018708336350797

56 RepHenryClay the Cudgeller (level 3, -1/27 HPs)
             Began as a Demonspawn Gladiator on May 15, 2022.
             Slain by an orc
             ... wielding a +0 flail
              (7 damage)
             ... on level 3 of the Dungeon.
             The game lasted 00:02:10 (2017 turns).

RepHenryClay the Cudgeller (Demonspawn Gladiator)   Turns: 2017, Time: 00:02:10

Health: -1/27      AC:  6    Str: 16    XL:     3   Next: 69%
Magic:  3/3        EV: 11    Int:  9    God:
Gold:   121        SH:  0    Dex: 14    Spells: 2/2 levels left

rFire   . . .      SeeInvis .   a - +0 flail
rCold   . . .      Faith    .   (no shield)
rNeg    + . .      Spirit   .   k - +0 ring mail
rPois   .          Reflect  .   c - +0 helmet
rElec   .          Harm     .   (no cloak)
rCorr   .          Rampage  .   (no gloves)
Will    .....                   (no boots)
Stlth   +.........              (no amulet)
HPRegen 0.09/turn               s - ring of positive energy
MPRegen 0.08/turn               (no ring)

@: brilliant, attractive
A: demonic guardian 1, powered by death 1, hooves 1, mutation resistance 1
a: no special abilities


You were on level 3 of the Dungeon.
You visited 1 branch of the dungeon, and saw 3 of its levels.

You collected 121 gold pieces.

Inventory:

Hand Weapons
 a - a +0 flail (weapon)
Missiles
 d - 3 throwing nets (quivered)
 e - a javelin
Armour
 b - a +0 leather armour
 c - a +0 helmet (worn)
 k - a +0 ring mail (worn)
Jewellery
 s - a ring of positive energy (left hand)
Scrolls
 g - a scroll of fear {unknown}
 h - 2 scrolls of teleportation {unknown}
 j - 2 scrolls of identify {unknown}
 l - 2 scrolls of noise {unknown}
 m - a scroll of enchant armour {unknown}
 p - a scroll of summoning {unknown}
 t - a scroll of fog {unknown}
 u - a scroll of magic mapping {unknown}
Potions
 f - a potion of brilliance
 n - a potion of lignification {unknown}
 o - a potion of mutation
 q - a potion of ambrosia {unknown}
 r - a potion of might {unknown}


   Skills:
 - Level 2.0 Fighting
 + Level 3.5 Maces & Flails
 - Level 1.7 Throwing
 + Level 2.0 Armour
 - Level 2.6 Dodging


You had 2 spell levels left.
You didn't know any spells.
Your spell library was empty.

Dungeon Overview and Level Annotations

Branches:
Dungeon (3/15)

Altars:
Hepliaklqana


Innate Abilities, Weirdness & Mutations

A weak demonic guardian rushes to your aid.
You regenerate a little health from kills.
You have large cloven feet.
You are somewhat resistant to further mutation.


Message History

You hit the endoplasm.
You kill the endoplasm!
No target in view!
l - 2 scrolls labelled HATSON YSEITH (gained 1)
u - a scroll labelled AMUSIR HOWEO An orc comes into view.
It is wielding a +0 hand axe.
Found a hand axe.
The orc shouts!
Your white imp disappears in a puff of smoke!
The orc moves out of view.
An orc comes into view. It is wielding a +0 flail.
An orc is nearby!
An orc comes into view. It is wielding a +0 whip.
The orc shouts! x2
The orc hits you with a +0 flail. The orc barely misses you.
Damage: -14%(-4hp) hp: 86%(23hp)
You hit the orc but do no damage. The orc hits you with a +0 hand axe.
The orc hits you with a +0 flail.
Huge Dmg: -30%(-8hp) hp: 56%(15hp)
The orc attacks as you move away! The orc closely misses you.
The orc attacks as you move away! The orc hits you with a +0 whip.
Damage: -7%(-2hp) hp: 49%(13hp)
The orc attacks as you move away! The orc misses you.
The orc attacks as you move away! The orc hits you with a +0 hand axe.
* * * LOW HITPOINT WARNING * * *
Huge Dmg: -19%(-5hp) hp: 30%(8hp)
The orc attacks as you move away! The orc misses you.
It was a potion of brilliance.
You feel clever all of a sudden. The orc hits you but does no damage.
The orc barely misses you. The orc hits you but does no damage.
It was a potion of mutation.
You feel extremely strange.
Your feet thicken and deform.
You feel genetically stable.
The orc hits you but does no damage. x2; The orc hits you with a +0 flail.
* * * LOW HITPOINT WARNING * * *
Huge Dmg: -7%(-2hp) hp: 23%(6hp) It was a potion of attraction.
You feel attractive to monsters. The orc barely misses you.
The orc hits you with a +0 flail!
You die...

.........#.#####..........
.........#.# ###########
.........#.###############
.........#................
.........##########.......
.........##### #.......
.............######.......
#######......#............
#?@....#............
#ooo...#....(.......
#$.....#........####
#......#........#
#......#........#
#......#........#
#.)....#......†.#
#......#........#
#......#........#


You could see 3 orcs.

Vanquished Creatures
  2 adders (D:2)
  A worm (D:3)
  2 dart slugs (D:3)
  4 ball pythons
  3 bats
  2 endoplasms
  2 giant cockroaches (D:2)
  3 goblins
  3 hobgoblins
  2 quokkas
  2 kobolds (D:2)
  4 rats
30 creatures vanquished.

Notes
Turn   | Place    | Note
-------+----------+-------------------------------------------
     0 | D:1      | RepHenryClay the Demonspawn Gladiator began the quest for
                  | the Orb.
     0 | D:1      | Reached XP level 1. HP: 16/16 MP: 1/1
   813 | D:2      | Reached skill level 3 in Maces & Flails
   813 | D:2      | Reached skill level 1 in Armour
   813 | D:2      | Gained mutation: You regenerate a little health from kills.
                  | [demonic ancestry]
   813 | D:2      | Reached XP level 2. HP: 12/22 MP: 2/2
  1548 | D:2      | Gained mutation: A weak demonic guardian rushes to your
                  | aid. [demonic ancestry]
  1548 | D:2      | Reached XP level 3. HP: 27/27 MP: 3/3
  1555 | D:2      | Found a faded altar of an unknown god.
  1613 | D:2      | Found a hazy altar of Hepliaklqana.
  2016 | D:3      | Gained mutation: You have large cloven feet. [potion of
                  | mutation]
  2016 | D:3      | Gained mutation: You are somewhat resistant to further
                  | mutation. [potion of mutation]
  2017 | D:3      | Slain by an orc

Illustrated notes

Levels and vault maps discovered:
D:1:      minmay_arrival_widening_spiral_wide, layout_basic
D:2:      kennysheep_big_flooded_room, layout_loops_ring,
          shapermc_ecumenical_altar_hornbeckon, basic_altar
D:3:      layout_basic, chequers_garden

Skill      XL: |  1  2  3 |
---------------+----------+-----
Maces & Flails | 3 |  3.5
Armour         | 1 2 |  2.0
Fighting       | |  2.0
Throwing       | |  1.7
Dodging        | |  2.6

Action                   || total
-------------------------++-------
Melee: Flail             ||    77
  Use: Potion            ||     3
Armor: Ring mail         ||    32
       Leather armour    ||     1
Dodge: Dodged            ||    49

Table legend: (Time is in decaauts)
 A = Elapsed time spent in this place.
 B = Non-inter-level travel time spent in this place.
 C = Inter-level travel time spent in this place.
 D = Time resting spent in this place.
 E = Time spent auto-exploring this place.
 F = Levels seen in this place.
 G = Mean time per level.
                   A        B        C        D        E       F      G
               +--------+--------+--------+--------+--------+-----+--------+
         Total |   2043 |   1989 |     54 |     73 |   1638 |   3 |  681.0 |
       Dungeon |   2043 |   1989 |     54 |     73 |   1638 |   3 |  681.0 |
               +--------+--------+--------+--------+--------+-----+--------+

Top non-repeatable levels by time:
     D:2: 952 daAuts
     D:1: 803 daAuts
     D:3: 287 daAuts
